details: '2v2 stomp'

« prev index next »

General information

Mini Map

Players

team 1
Random» Orccoconut1983 (blue | 84 APM | 962 actions | 11:24)
Hero icon 1 Far Seer
Ability icon 1 Feral Spirit
Hero icon 1 Blademaster
Ability icon 1 Wind Walk

» actions
Assign group hotkey20
Build / train53
Enter build submenu14
Enter hero's abilities submenu2
Right click547
Select / deselect224
Select group hotkey71
Use ability31
962 total
» units
Peon9
Grunt17
Raider7
33 total
» upgrades
Ensnare2
2 total
» buildings
Altar of Storms1
Orc Burrow4
Barracks1
Voodoo Lounge1
War Mill1
Stronghold2
Watch Tower1
Beastiary1
12 total
» build order
00:08 Altar of Storms
00:13 Orc Burrow
00:30 Barracks
01:25 Voodoo Lounge
01:33 War Mill
02:08 Orc Burrow
03:41 Stronghold
03:41 Stronghold
04:40 Watch Tower
04:57 Orc Burrow
05:53 Orc Burrow
06:10 Beastiary
» items
Healing Salve2
Scroll of Speed1
Lesser Clarity Potion1
4 total
Random» Undeadqtzzang2008 (red | 80 APM | 918 actions | 11:28)
Hero icon 2 Death Knight
Ability icon 1 Death Coil
Ability icon 1 Unholy Aura

» actions
Assign group hotkey29
Basic commands49
Build / train65
Enter build submenu15
Enter hero's abilities submenu2
Remove unit from queue2
Right click314
Select / deselect293
Select group hotkey101
Use ability48
918 total
» units
Acolyte2
Ghoul14
Crypt Fiend31
Obsidian Statue5
52 total
» upgrades
Creature Attack1
1 total
» buildings
Crypt2
Ziggurat4
Altar of Darkness1
Tomb of Relics1
Graveyard1
Halls of the Dead2
Slaughterhouse1
12 total
» build order
00:09 Crypt
00:13 Ziggurat
00:53 Altar of Darkness
00:58 Tomb of Relics
01:42 Crypt
02:14 Ziggurat
02:56 Graveyard
03:48 Halls of the Dead
03:49 Halls of the Dead
05:15 Ziggurat
06:06 Ziggurat
06:44 Slaughterhouse
» items
Rod of Necromancy1
1 total
team 2
NightElfb0lt (pink | 129 APM | 1487 actions | 11:30)
Hero icon 3 Demon Hunter
Ability icon 2 Mana Burn
Ability icon 1 Evasion
Hero icon 3 Naga Sea Witch
Ability icon 2 Frost Arrows
Ability icon 1 Forked Lightning

» actions
Assign group hotkey31
Build / train37
Enter build submenu14
Enter hero's abilities submenu7
Right click974
Select / deselect194
Select group hotkey193
Use ability37
1487 total
» units
Wisp12
Archer4
Dryad7
23 total
» buildings
Altar of Elders1
Moon Well5
Ancient of War1
Tree of Ages1
Hunter's Hall1
Ancient of Lore2
Ancient of Wonders2
Tree of Eternity1
14 total
» build order
00:04 Altar of Elders
00:10 Moon Well
01:41 Ancient of War
01:50 Moon Well
02:14 Tree of Ages
02:43 Hunter's Hall
03:21 Moon Well
04:38 Ancient of Lore
04:41 Ancient of Lore
05:03 Ancient of Wonders
05:04 Ancient of Wonders
06:39 Moon Well
08:39 Moon Well
09:26 Tree of Eternity
» items
Staff of Preservation1
Potion of Healing2
3 total
Random» OrcLFEBOT (teal | 118 APM | 1359 actions | 11:29)
Hero icon 3 Far Seer
Ability icon 2 Feral Spirit
Ability icon 1 Chain Lighting
Hero icon 2 Shadow Hunter
Ability icon 1 Healing Wave
Ability icon 1 Hex

» actions
Assign group hotkey46
Basic commands4
Build / train33
ESC pressed4
Enter build submenu14
Enter hero's abilities submenu5
Right click960
Select / deselect192
Select group hotkey63
Use ability38
1359 total
» units
Peon7
Grunt3
Wind Rider1
Raider6
17 total
» upgrades
Armor2
Ranged Weapons1
Ensnare1
Melee Weapons2
Pillage1
7 total
» buildings
Altar of Storms1
Orc Burrow5
Barracks1
War Mill2
Stronghold1
Watch Tower1
Beastiary2
13 total
» build order
00:10 Altar of Storms
00:21 Orc Burrow
00:38 Barracks
01:37 Orc Burrow
02:08 War Mill
02:15 War Mill
03:13 Stronghold
03:36 Watch Tower
05:43 Beastiary
05:51 Beastiary
06:38 Orc Burrow
08:40 Orc Burrow
09:17 Orc Burrow